SNL (28 & UNDER)
GAINESVILLE GUIDOS @ BLACKIRON DRAGONS
06/20/2026
 
TOP OF THE 1ST
Gainesville Guidos batting - Pitching for BlackIron Dragons : LHP Ben Johnson
Pitching: LHP Ben Johnson
Batting: RHB Iván Moreno 0-0: Ball
1-0: Called Strike
1-1: Called Strike
1-2: Strikes out swinging
Batting: RHB John Little 0-0: Ball
1-0: Ball
2-0: Ball
3-0: Base on Balls
Batting: LHB Mark Owens 0-0: Fielders Choice at 2nd, 4-6 (Groundball, 4)
Batting: LHB António Cedeño 0-0: Called Strike
0-1: Ball
1-1: Foul Ball, location: 2F
1-2: Foul Ball, location: 2F
1-2: Strikes out swinging
Top of the 1st over - 0 run(s), 0 hit(s), 0 error(s), 1 left on base; Gainesville 0 - BlackIron 0
BOTTOM OF THE 1ST
BlackIron Dragons batting - Pitching for Gainesville Guidos : LHP José Acevedo
Pitching: LHP José Acevedo
Batting: RHB Eugene Payne 0-0: Foul Ball, location: 2F
0-1: Called Strike
0-2: Strikes out swinging
Batting: RHB José Colón 0-0: SINGLE (Line Drive, 56)
Batting: LHB Manuel Cardenas 0-0: Ball
1-0: Called Strike
1-1: Ball
2-1: Foul Ball, location: 2F
2-2: Ball
3-2: Strikes out swinging
Batting: RHB Gil Palmer 0-0: Called Strike
0-1: Ball
1-1: Ball
2-1: Ball
3-1: Foul Ball, location: 2F
3-2: Fly out, F7 (Flyball, 78M)
Bottom of the 1st over - 0 run(s), 1 hit(s), 0 error(s), 1 left on base; Gainesville 0 - BlackIron 0
TOP OF THE 2ND
Gainesville Guidos batting - Pitching for BlackIron Dragons : LHP Ben Johnson
Batting: RHB Kurt Walter 0-0: Ball
1-0: Foul Ball, location: 2F
1-1: Foul Ball, location: 2F
1-2: Ball
2-2: SINGLE (Flyball, 9LS)
Batting: RHB Kyle O'Day 0-0: Ball
1-0: Foul Ball, location: 2F
1-1: SINGLE (Line Drive, 9LS)
Kurt Walter to second
Runner from 2nd tries for 3rd, SAFE, throw made to third
Kyle O'Day to second
Batting: RHB José Ortega 0-0: Ball
1-0: Ball
2-0: Ball
3-0: Base on Balls
Batting: SHB Will Evans 0-0: Called Strike
0-1: Ball
1-1: Ball
2-1: Foul Ball, location: 2F
2-2: Ball
3-2: Strikes out swinging
Batting: RHB Mark McDonald 0-0: Called Strike
0-1: Called Strike
0-2: Strikes out looking
Batting: RHB Iván Moreno 0-0: Ball
1-0: Ball
2-0: Ball
3-0: Called Strike
3-1: Foul Ball, location: 2F
3-2: Fly out, F4 (Popup, 34)
Top of the 2nd over - 0 run(s), 2 hit(s), 0 error(s), 3 left on base; Gainesville 0 - BlackIron 0
BOTTOM OF THE 2ND
BlackIron Dragons batting - Pitching for Gainesville Guidos : LHP José Acevedo
Batting: LHB Culley Vaughan 0-0: Called Strike
0-1: Foul Ball, location: 2F
0-2: Ball
1-2: Ball
2-2: Ball
3-2: Strikes out swinging
Batting: RHB Frank Maxwell 0-0: Ball
1-0: Swinging Strike
1-1: DOUBLE (Flyball, 9LD)
Batting: RHB Mark Arnold 0-0: Called Strike
0-1: Foul Ball, location: 2F
0-2: Ball
1-2: SINGLE (Line Drive, 56)
Frank Maxwell to third
Batting: RHB Preston MacLyan 0-0: Ball
1-0: Foul Ball, location: 2F
1-1: Fly out, F8 (Flyball, 89M)
Runner from 3rd tags up, SCORES, throw made
Batting: RHB Doug O'Brien 0-0: Ground out 5-3 (Groundball, 56S)
Bottom of the 2nd over - 1 run(s), 2 hit(s), 0 error(s), 1 left on base; Gainesville 0 - BlackIron 1
TOP OF THE 3RD
Gainesville Guidos batting - Pitching for BlackIron Dragons : LHP Ben Johnson
Batting: RHB John Little 0-0: Fly out, F9 (Flyball, 89D)
Batting: LHB Mark Owens 0-0: Called Strike
0-1: Called Strike
0-2: Ball
1-2: SINGLE (Groundball, 5D)
Batting: LHB António Cedeño 0-0: Called Strike
0-1: Ball
1-1: SINGLE (Groundball, 34D)
Mark Owens to second
Runner from 2nd tries for 3rd, SAFE, throw made to third
António Cedeño to second
Batting: RHB Kurt Walter 0-0: Ball
1-0: Called Strike
1-1: Fly out, F7 (Flyball, 7M)
Runner from 3rd tags up, SCORES, throw made
Batting: RHB Kyle O'Day 0-0: Ball
1-0: Swinging Strike
1-1: Fly out, F4 (Line Drive, 4)
Top of the 3rd over - 1 run(s), 2 hit(s), 0 error(s), 1 left on base; Gainesville 1 - BlackIron 1
BOTTOM OF THE 3RD
BlackIron Dragons batting - Pitching for Gainesville Guidos : LHP José Acevedo
Batting: RHB Eugene Payne 0-0: Ground out 6-3 (Groundball, 6M)
Batting: RHB José Colón 0-0: Called Strike
0-1: Swinging Strike
0-2: Foul Ball, location: 2F
0-2: Ball
1-2: Ball
2-2: Fly out, F1 (Popup, 25)
Batting: LHB Manuel Cardenas 0-0: Swinging Strike
0-1: Ground out 6-3 (Groundball, 6)
Bottom of the 3rd over - 0 run(s), 0 hit(s), 0 error(s), 0 left on base; Gainesville 1 - BlackIron 1
TOP OF THE 4TH
Gainesville Guidos batting - Pitching for BlackIron Dragons : LHP Ben Johnson
Batting: RHB José Ortega 0-0: Ground out 5-3 (Groundball, 5S)
Batting: SHB Will Evans 0-0: Called Strike
0-1: Foul Ball, location: 2F
0-2: SINGLE (Line Drive, 8RS)
Batting: RHB Mark McDonald 0-0: Ground out 6-3 (Groundball, 4MS)
Will Evans to second
Batting: RHB Iván Moreno 0-0: Called Strike
0-1: Foul Ball, location: 2F
0-2: Ball
1-2: Ground out 6-3 (Groundball, 6M)
Top of the 4th over - 0 run(s), 1 hit(s), 0 error(s), 1 left on base; Gainesville 1 - BlackIron 1
BOTTOM OF THE 4TH
BlackIron Dragons batting - Pitching for Gainesville Guidos : LHP José Acevedo
Batting: RHB Gil Palmer 0-0: Foul Ball, location: 2F
0-1: Swinging Strike
0-2: Strikes out swinging
Batting: LHB Culley Vaughan 0-0: Called Strike
0-1: Called Strike
0-2: Strikes out swinging
Batting: RHB Frank Maxwell 0-0: Ball
1-0: Ball
2-0: Ball
3-0: Called Strike
3-1: Fly out, F7 (Flyball, 8LXD)
Bottom of the 4th over - 0 run(s), 0 hit(s), 0 error(s), 0 left on base; Gainesville 1 - BlackIron 1
TOP OF THE 5TH
Gainesville Guidos batting - Pitching for BlackIron Dragons : LHP Ben Johnson
Batting: RHB John Little 0-0: Ball
1-0: Ball
2-0: Ball
3-0: Base on Balls
Batting: LHB Mark Owens 0-0: Called Strike
0-1: Ball
1-1: Swinging Strike
1-2: Foul Ball, location: 2F
1-2: Ball
2-2: Foul Ball, location: 2F
2-2: Strikes out swinging
Batting: LHB António Cedeño 0-0: Ball
1-0: Ball
2-0: Ball
3-0: Called Strike
3-1: Foul Ball, location: 2F
3-2: Ground out 4-3 (Groundball, 4M)
John Little to second
Batting: RHB Kurt Walter 0-0: Foul Ball, location: 2F
0-1: Swinging Strike
0-2: Strikes out swinging
Top of the 5th over - 0 run(s), 0 hit(s), 0 error(s), 1 left on base; Gainesville 1 - BlackIron 1
BOTTOM OF THE 5TH
BlackIron Dragons batting - Pitching for Gainesville Guidos : LHP José Acevedo
Batting: RHB Mark Arnold 0-0: Ball
1-0: Ball
2-0: Foul Ball, location: 2F
2-1: Fly out, F7 (Flyball, 7LM)
Batting: RHB Preston MacLyan 0-0: Swinging Strike
0-1: Swinging Strike
0-2: Ball
1-2: Ball
2-2: Foul Ball, location: 2F
2-2: Strikes out looking
Batting: RHB Doug O'Brien 0-0: Ball
1-0: Ball
2-0: Ball
3-0: Called Strike
3-1: Foul Ball, location: 2F
3-2: Strikes out swinging
Bottom of the 5th over - 0 run(s), 0 hit(s), 0 error(s), 0 left on base; Gainesville 1 - BlackIron 1
TOP OF THE 6TH
Gainesville Guidos batting - Pitching for BlackIron Dragons : LHP Ben Johnson
Pitching: RHP Luis Canseco
Batting: RHB Kyle O'Day 0-0: Called Strike
0-1: Ground out 4-3 (Groundball, 34)
Batting: RHB José Ortega 0-0: Called Strike
0-1: Foul Ball, location: 2F
0-2: Ball
1-2: Ball
2-2: Ball
3-2: Strikes out swinging
Batting: SHB Will Evans 0-0: SINGLE (Flyball, 6MD)
Batting: RHB Mark McDonald 0-0: Called Strike
0-1: Called Strike
0-2: Ball
1-2: Ball
2-2: SINGLE (Groundball, 56D)
Will Evans to second
Batting: RHB Iván Moreno 0-0: Ball
1-0: Ball
2-0: Ball
3-0: Base on Balls
Will Evans to third
Mark McDonald to second
Batting: RHB John Little 0-0: Fly out, F2 (Popup, 2LF)
Top of the 6th over - 0 run(s), 2 hit(s), 0 error(s), 3 left on base; Gainesville 1 - BlackIron 1
BOTTOM OF THE 6TH
BlackIron Dragons batting - Pitching for Gainesville Guidos : LHP José Acevedo
Batting: RHB Eugene Payne 0-0: Called Strike
0-1: Foul Ball, location: 2F
0-2: Ball
1-2: Fly out, F5 (Line Drive, 5)
Batting: RHB José Colón 0-0: Swinging Strike
0-1: Ball
1-1: Foul Ball, location: 2F
1-2: Ball
2-2: Fly out, F3 (Popup, 4)
Batting: LHB Manuel Cardenas 0-0: Foul Ball, location: 2F
0-1: SINGLE (Line Drive, 6D)
Batting: RHB Gil Palmer 0-0: Ball
1-0: Ball
2-0: Foul Ball, location: 2F
2-1: Ball
3-1: Called Strike
3-2: Fly out, F9 (Flyball, 9D)
Bottom of the 6th over - 0 run(s), 1 hit(s), 0 error(s), 1 left on base; Gainesville 1 - BlackIron 1
TOP OF THE 7TH
Gainesville Guidos batting - Pitching for BlackIron Dragons : RHP Luis Canseco
Batting: LHB Mark Owens 0-0: Ball
1-0: Ball
2-0: Foul Ball, location: 2F
2-1: SOLO HOME RUN (Flyball, 9LD), Distance : 381 ft
Batting: LHB António Cedeño 0-0: Ball
1-0: Foul Ball, location: 2F
1-1: Ball
2-1: Foul Ball, location: 2F
2-2: SOLO HOME RUN (Flyball, 9LD), Distance : 390 ft
Batting: RHB Kurt Walter 0-0: Ball
1-0: Ground out 5-3 (Groundball, 5L)
Batting: RHB Kyle O'Day 0-0: Ball
1-0: Ball
2-0: Called Strike
2-1: Ball
3-1: Foul Ball, location: 2F
3-2: Foul Ball, location: 2F
3-2: Base on Balls
Batting: RHB José Ortega 0-0: Ball
1-0: Called Strike
Kyle O'Day steals 2nd base
1-1: Intentional Walk
Pinch Hitting: LHB Ed Murray 0-0: Ball
1-0: Swinging Strike
1-1: Called Strike
1-2: Fly out, F9 (Line Drive, 89S)
Pinch Hitting: LHB Eddy Jefferson 0-0: Ball
1-0: Called Strike
1-1: Foul Ball, location: 2F
1-2: Fly out, F9 (Flyball, 89D)
Top of the 7th over - 2 run(s), 2 hit(s), 0 error(s), 2 left on base; Gainesville 3 - BlackIron 1
BOTTOM OF THE 7TH
BlackIron Dragons batting - Pitching for Gainesville Guidos : LHP José Acevedo
Pitching: LHP Ben Head
Now at SS: Eddy Jefferson
Now in RF: Ed Murray
Batting: LHB Culley Vaughan 0-0: Ball
1-0: Ground out 6-3 (Groundball, 6)
Batting: RHB Frank Maxwell 0-0: Called Strike
0-1: Ground out 5-3 (Groundball, 5S)
Batting: RHB Mark Arnold 0-0: Called Strike
0-1: Foul Ball, location: 2F
0-2: Strikes out swinging
Bottom of the 7th over - 0 run(s), 0 hit(s), 0 error(s), 0 left on base; Gainesville 3 - BlackIron 1
TOP OF THE 8TH
Gainesville Guidos batting - Pitching for BlackIron Dragons : RHP Luis Canseco
Pitching: LHP Roberto Ontiveros
Batting: RHB Iván Moreno 0-0: Ball
1-0: Foul Ball, location: 2F
1-1: Ball
2-1: Ball
3-1: Foul Ball, location: 2F
3-2: Base on Balls
Batting: RHB John Little 0-0: Bunted foul
0-1: Ball
1-1: Sac Bunt - play at first, batter OUT! 1-4
Iván Moreno to second
Batting: LHB Mark Owens 0-0: Foul Ball, location: 2F
0-1: Fly out, F7 (Flyball, 78M)
Batting: LHB António Cedeño 0-0: Ball
1-0: Fly out, F6 (Popup, 56D)
Top of the 8th over - 0 run(s), 0 hit(s), 0 error(s), 1 left on base; Gainesville 3 - BlackIron 1
BOTTOM OF THE 8TH
BlackIron Dragons batting - Pitching for Gainesville Guidos : LHP Ben Head
Batting: RHB Preston MacLyan 0-0: Swinging Strike
0-1: Foul Ball, location: 2F
0-2: Ball
1-2: Ball
2-2: Strikes out looking
Batting: RHB Doug O'Brien 0-0: Called Strike
0-1: Ball
1-1: Ground out 4-3 (Groundball, 4M)
Batting: RHB Eugene Payne 0-0: Called Strike
0-1: Ball
1-1: DOUBLE (Line Drive, 7LS)
Pitching: RHP Marlon Ryan
Batting: RHB José Colón 0-0: Ball
1-0: Called Strike
1-1: Foul Ball, location: 2F
1-2: Ball
2-2: Fly out, F8 (Flyball, 8RM)
Bottom of the 8th over - 0 run(s), 1 hit(s), 0 error(s), 1 left on base; Gainesville 3 - BlackIron 1
TOP OF THE 9TH
Gainesville Guidos batting - Pitching for BlackIron Dragons : LHP Roberto Ontiveros
Batting: RHB Kurt Walter 0-0: Foul Ball, location: 2F
0-1: Fly out, F7 (Flyball, 7D)
Batting: RHB Kyle O'Day 0-0: Ball
1-0: Swinging Strike
1-1: Fly out, F3 (Popup, 4MS)
Batting: RHB José Ortega 0-0: Ball
1-0: Foul Ball, location: 2F
1-1: SINGLE (Groundball, 6D)
Batting: LHB Ed Murray 0-0: Fly out, F2 (Popup, 2RF)
Top of the 9th over - 0 run(s), 1 hit(s), 0 error(s), 1 left on base; Gainesville 3 - BlackIron 1
BOTTOM OF THE 9TH
BlackIron Dragons batting - Pitching for Gainesville Guidos : RHP Marlon Ryan
Pitching: LHP Mike Scott
Batting: LHB Manuel Cardenas 0-0: Swinging Strike
0-1: Called Strike
0-2: Ball
1-2: Strikes out swinging
Batting: RHB Gil Palmer 0-0: Called Strike
0-1: Foul Ball, location: 2F
0-2: SINGLE (Line Drive, 56D)
Batting: LHB Culley Vaughan 0-0: Ball
1-0: Called Strike
1-1: Ball
2-1: Foul Ball, location: 2F
2-2: Ball
3-2: Strikes out swinging
Batting: RHB Frank Maxwell 0-0: Ball
1-0: Ball
2-0: Foul Ball, location: 2F
2-1: Ball
3-1: Base on Balls
Gil Palmer to second
Batting: RHB Mark Arnold 0-0: Called Strike
0-1: Called Strike
0-2: Ball
1-2: Fly out, F9 (Flyball, 9D)
Bottom of the 9th over - 0 run(s), 1 hit(s), 0 error(s), 2 left on base; Gainesville 3 - BlackIron 1
Monday, December 5th, 2016 - OOTP Baseball 17.12 Build 75